 Dungeon Crawl Stone Soup version 0.29.0-4-gdea44cf6ec (webtiles) character file.

Game seed: 8880946595397738206

12 qw the Sneak (level 2, -1/19 HPs)
             Began as a Gargoyle Delver on Sept 10, 2022.
             Slain by Pargi (2 damage)
             ... in a sewer.
             The game lasted 00:00:11 (430 turns).

qw the Sneak (Gargoyle Delver)                       Turns: 430, Time: 00:00:12

Health: -1/19      AC:  5    Str: 15    XL:     2   Next: 33%
Magic:  2/2        EV: 11    Int: 10    God:
Gold:   0          SH:  0    Dex: 11    Spells: 1/1 levels left

rFire   . . .      SeeInvis .   a - +0 hand axe
rCold   . . .      Faith    .   (no shield)
rNeg    + . .      Spirit   .   b - +0 leather armour
rPois   inf        Reflect  .   (no helmet)
rElec   +          Harm     .   (no cloak)
rCorr   .          Rampage  .   (no gloves)
Will    .....                   (no boots)
Stlth   +++.......              (no amulet)
HPRegen 0.06/turn               (no ring)
MPRegen 0.08/turn               (no ring)

@: no status effects
A: sickness immunity, AC +2, negative energy resistance 1, electricity
resistance, torment resistance 1, petrification resistance
a: no special abilities


You were in a sewer.
You visited 1 branch of the dungeon, and saw 3 of its levels.
You also visited: Sewer.


Innate Abilities, Weirdness & Mutations

You are immune to sickness and miasma.
Your stone body is resilient. (AC +2)
You are immune to poison.
You resist negative energy. (rN+)
You are resistant to electric shocks. (rElec)
You are resistant to unholy torment.
You are immune to petrification.


   Skills:
 - Level 3.2 Fighting
 + Level 2.6 Axes
 - Level 1.5 Dodging
 - Level 5.4 Stealth


You had one spell level left.
You didn't know any spells.
Your spell library was empty.

Inventory:

Hand Weapons
 a - a +0 hand axe (weapon)
 c - a +0 club
Armour
 b - a +0 leather armour (worn)
Wands
 g - a wand of digging (3)
Potions
 f - a potion of haste

Dungeon Overview and Level Annotations

Branches:
Dungeon (5/15)              Sewer (1/1)
 Temple: D:4-7

Altars:

Annotations:
Sewer Pargi


Message History

Pargi clenches his teeth.
Pargi bites you. Pargi closely misses you. Pargi barely misses you.
You hit Pargi.
Pargi is moderately wounded.
Pargi bites you but does no damage. Pargi claws you.
Pargi claws you but does no damage.
You closely miss Pargi.
Pargi is moderately wounded.
Pargi hisses menacingly.
Pargi barely misses you. Pargi closely misses you.
Pargi claws you but does no damage.
You hit Pargi.
Pargi is heavily wounded.
Pargi closely misses you. Pargi barely misses you.
Pargi claws you but does no damage.
You miss Pargi.
Pargi is heavily wounded.
Pargi completely misses you. Pargi barely misses you. Pargi claws you.
Pargi closely misses you. Pargi claws you but does no damage.
Pargi closely misses you.
You hit Pargi.
Pargi is heavily wounded.
Pargi misses you. Pargi closely misses you. Pargi barely misses you.
You completely miss Pargi.
Pargi is heavily wounded.
Pargi bites you but does no damage. Pargi claws you. Pargi closely misses you.
You completely miss Pargi.
Pargi is heavily wounded.
Pargi bites you but does no damage. Pargi barely misses you.
Pargi closely misses you.
You hit Pargi.
Pargi is heavily wounded.
Pargi misses you. Pargi claws you but does no damage. Pargi claws you.
You hit Pargi but do no damage.
Pargi is heavily wounded.
Pargi bites you. Pargi barely misses you. Pargi claws you but does no damage.
You hit Pargi but do no damage.
Pargi is heavily wounded.
Pargi closely misses you. Pargi claws you.
You die...

### #\# #.#
#+##+##.##+##+#
...............
~~~~~~~.~~~~~~~
~~~~~~~\~~~~~~~
~~~~~~~.~~~~~~~
.......@.......
#+##+##T##+##+#
#.# #.# ###


You could see Pargi.

Vanquished Creatures
  An ufetubus (D:4)
  A ball python (D:4)
  A bat (D:3)
  2 giant cockroaches (D:4)
  A goblin (D:4)
6 creatures vanquished.

Notes
Turn   | Place    | Note
-------+----------+-------------------------------------------
     0 | D:5      | qw the Gargoyle Delver began the quest for the Orb.
     0 | D:5      | Reached XP level 1. HP: 14/14 MP: 1/1
     0 | D:5      | 0 ||| qw: Version: 0.1-a-116-g5d60599
     0 | D:5      | 0 ||| qw: Game counter: 9084
     0 | D:5      | 0 ||| qw: Always use a shield: true
     0 | D:5      | 0 ||| qw: God list: Okawaru
     0 | D:5      | 0 ||| qw: Allow faded altars: false
     0 | D:5      | 0 ||| qw: Do Orc after D:15 true
     0 | D:5      | 0 ||| qw: Do second Lair branch before Depths: true
     0 | D:5      | 0 ||| qw: Lair rune preference: random
     0 | D:5      | 0 ||| qw: Plans: Normal
     0 | D:5      | 0 ||| PLANNING D:1-11
     2 | D:5      | 2 ||| DROPPING scroll of fog.
     3 | D:5      | 3 ||| DROPPING scroll of magic mapping.
     4 | D:5      | 4 ||| DROPPING scroll of fear.
    15 | D:4      | 15 ||| PLANNING SEWER
    23 | D:4      | 23 ||| Stepping ~*~*~tactically~*~*~ (stealth).
   221 | D:4      | 221 ||| FLEEEEING.
   223 | D:4      | 223 ||| STAIRDANCE
   280 | D:4      | Reached XP level 2. HP: 16/19 MP: 2/2
   280 | D:4      | 280 ||| STAIRDANCE
   384 | D:4      | Found a glowing drain.
   404 | Sewer    | Entered a sewer
   407 | Sewer    | Noticed Pargi
   424 | Sewer    | HP: 4/19 [Pargi (1)]
   429 | Sewer    | HP: 1/19 [Pargi (1)]
   430 | Sewer    | Slain by Pargi

Levels and vault maps discovered:
D:3:      layout_rooms, shapermc_ecumenical_altar_acropolis, uniq_natasha,
          uniq_sigmund
D:4:      layout_loops_cross, minmay_temple_entry_gardened_gates,
          cheibrodos_sewer_entry_drain, uniq_edmund, uniq_robin
D:5:      layout_loops_ring, amethyst_overflow_temple_binary,
          makhleb_altar_promises_db, gammafunk_ghost_necromancy, serial_shops,
          shop_statue, roderic_serpentine_path, minmay_misc_feat_more_columns
Sewer:    kennysheep_door_sewer

Skill      XL: |  1 |
---------------+----+-----
Axes           | 2 |  2.6
Fighting       | |  3.2
Dodging        | |  1.5
Stealth        | |  5.4

Action                   || total
-------------------------++-------
Melee: Hand axe          ||    44
Armor: Leather armour    ||    30
Dodge: Dodged            ||    48

Table legend:
 A = Non-vault XP
 B = Vault XP
 C = Vault XP percentage of total XP
 D = Non-vault monster count
 E = Vault monster count
 F = Vault count percentage of total count
                 A         B        C        D         E       F
            +---------+---------+-------+---------+---------+-------
      Total |      12 |       6 |  33.3 |       3 |       3 |  50.0
            +---------+---------+-------+---------+---------+-------
        D:3 |       2 |       0 |   0.0 |       1 |       0 |   0.0
        D:4 |      10 |       6 |  37.5 |       2 |       3 |  60.0
            +---------+---------+-------+---------+---------+-------
